[Event "IIFL WEALTH VI Mumbai Open 2021"]
[Site "Mumbai"]
[Date "2022.01.01"]
[Round "3.2"]
[White "Rachit H Gurnani"]
[Black "Ruturaj Rushikesh Dhotre"]
[Result "0-1"]
[ECO "C00"]
[WhiteElo "1840"]
[BlackElo "1547"]
[Annotator "NA RC"]
[PlyCount "106"]
[EventDate "2021.12.30"]
[EventType "swiss"]
[EventCountry "IND"]
[SourceTitle "playchess.com"]
[Source "ChessBase"]
[SourceQuality "1"]
[TimeControl "5400+30"]

1. e4 e6 2. d3 d5 3. Nd2 Nf6 4. Ngf3 c5 5. g3 Nc6 6. Bg2 g6 7. O-O Bg7 8. exd5 Nxd5 9. Nb3 b6 $1 10. Qe2 ({White should try} 10. d4 $11) 10... Bb7 11. a4 O-O 12. c3 Ba6 13. Bg5 Qc7 14. Rad1 Rac8 (14... h6 $5 15. Bc1 Rad8 $17) 15. Qe4 (15. Ra1 $15) 15... Nce7 ({Black should play} 15... h6 $17 16. Bd2 Rfd8) 16. Rfe1 Nf5 17. Nbd2 ({White should play} 17. Ra1 $15) 17... h6 18. Bf4 Nxf4 19. gxf4 (19. Qxf4 $17 {might work better.} Qxf4 20. gxf4) 19... Bb7 20. Qc4 Bd5 21. Qa6 Qxf4 22. Qxa7 $2 (22. Re4 Bxe4 23. dxe4) 22... g5 ({Stronger than} 22... Qg4 23. h3 Qf4 24. Qxb6 $17) 23. Ne4 g4 24. Nfd2 Nh4 ({But not} 24... Be5 $2 25. Ng3 Ra8 26. Qxb6 $19) 25. c4 Be5 26. Nf1 Bc6 27. Bh1 f5 $2 (27... Nf3+ 28. Bxf3 gxf3) 28. Qe7 Ng6 ({Not} 28... fxe4 29. Qxh4 Bd4 30. Rd2 $17) ({Weaker is} 28... Bxa4 29. Qxe6+ Kh8 30. Ng5) 29. Qxe6+ {[%emt 0:01:35] [#]} Kh7 $1 30. Ng5+ (30. Nf6+ {was worth a try.} Rxf6 31. Qxc8 Bxh1 32. Qd7+ (32. Kxh1 Qf3+ 33. Kg1 Nf4) 32... Kg8 33. Qe8+ (33. Kxh1 $2 Qf3+ 34. Kg1 Nf4 $19) 33... Kg7 34. Ng3 (34. Kxh1 {is a self mate.} Qf3+ 35. Kg1 Nf4 36. Qe7+ Kg6 37. Qe8+ Kg5 38. Qg8+ Kh4)) 30... hxg5 31. Bxc6 $19 Bd4 32. Ne3 $2 (32. Rd2 $17 {nothing else works.}) 32... Rc7 33. Bg2 Rf6 ({Weaker is} 33... Be5 34. Nf1 $17) 34. Qe8 Re7 35. Qc8 (35. Qd8 $142 Rf8 36. Qd5) 35... Nh4 ({Avoid the trap} 35... Bxe3 $2 36. fxe3 Rxe3 37. Qd7+ (37. Rxe3 $2 Qxe3+ 38. Kh1 Nf4 $19) 37... Kh6 38. Rf1 $17) 36. Kh1 (36. Bd5 $142 Nf3+ 37. Bxf3 Qxf3 38. Rd2 (38. Qd8 $2 Rfe6 $19)) 36... Qxf2 37. Rf1 Qxe3 38. Bd5 Rg6 39. Rxf5 Nxf5 40. Qxf5 {[%emt 0:00:13] [#]} Qf4 (40... Qe1+ $142 $3 41. Qf1 Qxf1+ 42. Rxf1 Rf6 43. Bg2 Rxf1+ 44. Bxf1 Re1 45. Kg2 Kg6 46. b3 Rb1 47. a5 Rb2+ 48. Be2 Rxe2+ 49. Kf1 Rxh2 50. axb6 g3 51. b7 g2+ 52. Ke2 g1=Q+ 53. Kf3 Qg2#) 41. Be4 {[%emt 0:00:31] [#]} Rxe4 $1 42. dxe4 Qf3+ 43. Qxf3 gxf3 44. b4 Re6 45. b5 Rxe4 46. Rf1 f2 47. Kg2 Rg4+ 48. Kf3 Rg1 49. Ke2 Rxf1 50. Kxf1 Kg6 51. Ke2 Kh5 52. Kf1 Kg4 53. Kg2 Kh4 0-1

[Event "IIFL WEALTH VI Mumbai Open 2021"]
[Site "Mumbai"]
[Date "2022.01.01"]
[Round "3.3"]
[White "Riyan Amit Shah"]
[Black "Krishnan Ritvik"]
[Result "0-1"]
[ECO "B29"]
[WhiteElo "1544"]
[BlackElo "1750"]
[Annotator "NA RC"]
[PlyCount "70"]
[EventDate "2021.12.30"]
[EventType "swiss"]
[EventCountry "IND"]
[SourceTitle "playchess.com"]
[Source "ChessBase"]
[SourceQuality "1"]
[TimeControl "5400+30"]

1. e4 c5 2. Nf3 Nf6 3. e5 Nd5 4. d4 cxd4 5. Qxd4 e6 6. Bc4 Nc6 7. Qe4 d6 8. Bxd5 exd5 9. Qe2 Be6 10. O-O dxe5 11. Nxe5 Bd6 12. Bf4 Qf6 13. Nxc6 Qxf4 14. g3 Qf6 15. Nb4 O-O 16. Nd3 Bh3 17. Re1 Rae8 18. Qd1 Rxe1+ 19. Nxe1 Qxb2 20. Nd2 Bg4 21. Ndf3 Re8 22. Rb1 Qxa2 23. Rb3 Qa5 24. Rxb7 Bh3 25. Nd3 Bc8 26. Rb1 Qc3 27. Rb3 Qc4 28. Qd2 Bg4 29. Nfe5 Bxe5 30. Rb4 Qc8 31. Qg5 Bf5 32. Nxe5 Rxe5 33. g4 Be4 34. Qxe5 Qxg4+ 35. Kf1 Qd1# 0-1

[Event "IIFL WEALTH VI Mumbai Open 2021"]
[Site "Mumbai"]
[Date "2022.01.01"]
[Round "3.4"]
[White "Sangoi Hriday"]
[Black "Raghu Ram Reddy Seelam"]
[Result "1/2-1/2"]
[ECO "D31"]
[WhiteElo "1523"]
[BlackElo "1712"]
[Annotator "NA RC"]
[PlyCount "62"]
[EventDate "2021.12.30"]
[EventType "swiss"]
[EventCountry "IND"]
[SourceTitle "playchess.com"]
[Source "ChessBase"]
[SourceQuality "1"]
[TimeControl "5400+30"]

1. d4 d5 2. c4 e6 3. Nc3 Be7 4. Bf4 Nf6 5. e3 O-O 6. Nf3 b6 7. Be2 Bb7 8. O-O Nbd7 9. Rc1 a6 10. cxd5 exd5 11. Ne5 Rc8 12. Qb3 b5 13. Nxd7 Qxd7 14. Be5 c6 15. h3 Ra8 16. Bf3 Kh8 17. Rfe1 h6 18. e4 dxe4 19. Nxe4 Nxe4 20. Bxe4 Bd6 21. Qf3 Bxe5 22. dxe5 Rad8 23. Bxc6 Bxc6 24. Qxc6 Qxc6 25. Rxc6 Rd2 26. Rxa6 Rxb2 27. Rb6 Ra8 28. Rb7 Kg8 29. Rd1 Raxa2 30. Rd8+ Kh7 31. Rxf7 Ra8 1/2-1/2

[Event "IIFL WEALTH VI Mumbai Open 2021"]
[Site "Mumbai"]
[Date "2022.01.01"]
[Round "3.5"]
[White "Alvares Sidarth"]
[Black "Joglekar, Abhijit"]
[Result "1-0"]
[ECO "B24"]
[WhiteElo "1513"]
[BlackElo "1690"]
[Annotator "NA RC"]
[PlyCount "67"]
[EventDate "2021.12.30"]
[EventType "swiss"]
[EventCountry "IND"]
[SourceTitle "playchess.com"]
[Source "ChessBase"]
[SourceQuality "1"]
[TimeControl "5400+30"]

1. e4 c5 2. Nc3 Nc6 3. Bc4 e6 4. d3 Nf6 5. Bb3 d5 6. Bg5 d4 7. Nce2 Be7 8. Ng3 O-O 9. N1e2 Na5 10. O-O e5 11. Bxf6 Bxf6 12. f4 Nxb3 13. axb3 exf4 14. Nxf4 Be5 15. Qh5 Qd6 16. Nge2 Bd7 17. g4 g6 18. Qh4 a6 19. Nd5 f6 20. Rf2 Qe6 21. h3 Bc6 22. Ndf4 Qd7 23. Qh6 Rae8 24. Raf1 Rf7 25. Ng2 Rg7 26. g5 fxg5 27. Qxg5 Qxh3 28. Qxe5 Rge7 29. Qxc5 Re5 30. Rf8+ Kg7 31. Qxd4 Kh6 32. Rxe8 Rxe8 33. Qf6 Qc8 34. Rf4 1-0

[Event "IIFL WEALTH VI Mumbai Open 2021"]
[Site "Mumbai"]
[Date "2022.01.02"]
[Round "4.2"]
[White "Krishnan Ritvik"]
[Black "Shah Devansh"]
[Result "1-0"]
[ECO "C55"]
[WhiteElo "1750"]
[BlackElo "1589"]
[Annotator "NA"]
[PlyCount "53"]
[EventDate "2021.12.30"]
[EventType "swiss"]
[EventCountry "IND"]
[SourceTitle "playchess.com"]
[Source "ChessBase"]
[SourceQuality "1"]
[TimeControl "5400+30"]

1. e4 e5 2. Nf3 Nc6 3. Bc4 Nf6 4. d3 h6 5. O-O d6 6. c3 g5 7. a4 Bg7 8. Re1 a6 9. h3 g4 10. hxg4 Bxg4 11. Nbd2 Qe7 12. b4 Nh5 13. Nf1 Rg8 14. Ne3 Be6 15. Bxe6 fxe6 16. Nxe5 Bxe5 17. Qxh5+ Kd7 18. d4 Rg5 19. Qh3 Nxd4 20. cxd4 Bxd4 21. Nd5 Qf7 22. Bxg5 Bxf2+ 23. Kh1 hxg5 24. Rf1 Qg7 25. Rac1 c6 26. Rxf2 cxd5 27. Rfc2 1-0

[Event "IIFL WEALTH VI Mumbai Open 2021"]
[Site "Mumbai"]
[Date "2022.01.02"]
[Round "4.3"]
[White "Ruturaj Rushikesh Dhotre"]
[Black "Majumder Shrayan"]
[Result "0-1"]
[ECO "C04"]
[WhiteElo "1547"]
[BlackElo "1669"]
[Annotator "NA RC"]
[PlyCount "106"]
[EventDate "2021.12.30"]
[EventType "swiss"]
[EventCountry "IND"]
[SourceTitle "playchess.com"]
[Source "ChessBase"]
[SourceQuality "1"]
[TimeControl "5400+30"]

1. e4 e6 2. d4 d5 3. Nd2 Nc6 4. Ngf3 Nf6 5. e5 Nd7 6. Bd3 f6 7. O-O fxe5 8. Nxe5 Ndxe5 9. dxe5 Nxe5 10. Qh5+ Nf7 11. Bxh7 g6 12. Qxg6 Qh4 13. Nf3 Qxh7 14. Qf6 e5 15. Bg5 Nxg5 16. Qxg5 Qf5 17. Qxf5 Bxf5 18. Nxe5 Bd6 19. Rfe1 Be4 20. Ng4 O-O-O 21. h3 Bxc2 22. Ne5 Bxe5 23. Rxe5 d4 24. Re2 d3 25. Rd2 Rde8 26. f4 Re4 27. f5 Rf4 28. Rf1 Rxf1+ 29. Kxf1 Rh5 30. Rf2 Rxf5 31. Rxf5 d2 32. Rd5 d1=Q+ 33. Rxd1 Bxd1 34. Kf2 Kd7 35. Ke3 Ke6 36. Kd4 Be2 37. Ke3 Bf1 38. Kf2 Bc4 39. b3 Bd5 40. g4 Ke5 41. Kg3 a5 42. h4 a4 43. bxa4 Bxa2 44. a5 Ke4 45. h5 c5 46. Kf2 Kd3 47. g5 Bf7 48. g6 Be8 49. Ke1 c4 50. Kd1 c3 51. Kc1 c2 52. g7 Bf7 53. h6 Bg8 0-1

[Event "IIFL WEALTH VI Mumbai Open 2021"]
[Site "Mumbai"]
[Date "2022.01.02"]
[Round "4.4"]
[White "Bajaj Prakhar"]
[Black "Alvares Sidarth"]
[Result "0-1"]
[ECO "B40"]
[WhiteElo "1663"]
[BlackElo "1513"]
[Annotator "NA RC"]
[PlyCount "58"]
[EventDate "2021.12.30"]
[EventType "swiss"]
[EventCountry "IND"]
[SourceTitle "playchess.com"]
[Source "ChessBase"]
[SourceQuality "1"]
[TimeControl "5400+30"]

1. e4 c5 2. Nf3 e6 3. b3 d5 4. exd5 exd5 5. Bb5+ Bd7 6. Bxd7+ Qxd7 7. O-O Bd6 8. Bb2 d4 9. Na3 Ne7 10. Nc4 Nbc6 11. a4 O-O 12. Ng5 b6 13. c3 Bf4 14. Nh3 Bh6 15. Qh5 Rad8 16. b4 cxb4 17. cxb4 Nxb4 18. Ne5 Qd5 19. Ba3 a5 20. Bxb4 axb4 21. Qe2 d3 22. Nxd3 Nc6 23. Nb2 Qb3 24. Qc4 Na5 25. Qxb3 Nxb3 26. Rad1 Nxd2 27. Rfe1 Rd4 28. f4 Rfd8 29. Nc4 Nf3+ 0-1

[Event "IIFL WEALTH VI Mumbai Open 2021"]
[Site "Mumbai"]
[Date "2022.01.02"]
[Round "4.5"]
[White "Ajay Santhosh Parvathareddy"]
[Black "Iyer Arvind"]
[Result "0-1"]
[ECO "D05"]
[WhiteElo "1512"]
[BlackElo "1662"]
[Annotator "NA RC"]
[PlyCount "104"]
[EventDate "2021.12.30"]
[EventType "swiss"]
[EventCountry "IND"]
[SourceTitle "playchess.com"]
[Source "ChessBase"]
[SourceQuality "1"]
[TimeControl "5400+30"]

1. d4 Nf6 2. Nf3 e6 3. e3 d5 4. Bd3 Bd6 5. O-O c5 6. c3 Nc6 7. Nbd2 O-O 8. dxc5 Bxc5 9. e4 e5 10. exd5 Qxd5 11. Qc2 h6 12. b4 Bb6 13. b5 Nb8 14. c4 Qd6 15. Bb2 Nbd7 16. Ne4 Nxe4 17. Bxe4 Re8 18. Rad1 Qe7 19. Bh7+ Kh8 20. Rfe1 Bc7 21. Bf5 f6 22. Nh4 Nf8 23. Re3 Bxf5 24. Nxf5 Qf7 25. Rg3 Ne6 26. Qe4 Rad8 27. Rf1 Ng5 28. Qxb7 e4 29. Qc6 Bxg3 30. fxg3 Qe6 31. Qc5 Qb6 32. Qxb6 axb6 33. Bc1 Re6 34. Be3 Rd3 35. h4 Nf7 36. c5 bxc5 37. Rb1 g6 38. Nxh6 Nxh6 39. Bxh6 e3 40. Kf1 e2+ 41. Ke1 c4 42. b6 Rd1+ 43. Rxd1 exd1=Q+ 44. Kxd1 Rxb6 45. Kc2 Ra6 46. Kc3 Rxa2 47. Kxc4 Rxg2 48. Bg7+ Kxg7 49. Kd4 Re2 50. Kd3 Re8 51. Kd4 Kf7 52. Kd5 Re1 0-1

[Event "IIFL WEALTH VI Mumbai Open 2021"]
[Site "Mumbai"]
[Date "2022.01.03"]
[Round "5.2"]
[White "Alvares Sidarth"]
[Black "Krishnan Ritvik"]
[Result "0-1"]
[ECO "B24"]
[WhiteElo "1513"]
[BlackElo "1750"]
[Annotator "NA RC"]
[PlyCount "62"]
[EventDate "2021.12.30"]
[EventType "swiss"]
[EventCountry "IND"]
[SourceTitle "playchess.com"]
[Source "ChessBase"]
[SourceQuality "1"]
[TimeControl "5400+30"]

1. e4 c5 2. Nc3 Nc6 3. Bc4 g6 4. d3 Bg7 5. f4 e6 6. Nf3 Nge7 7. O-O d5 8. Bb3 O-O 9. Qe1 Na5 10. Qh4 c4 11. Ba4 a6 12. f5 exf5 13. dxc4 dxc4 14. Rd1 Qc7 15. Bd7 Bxd7 16. Qxe7 Qb6+ 17. Kh1 fxe4 18. Nxe4 Bf5 19. Rd6 Nc6 20. Nf6+ Kh8 21. Nxh7 Nxe7 22. Rxb6 Kxh7 23. Rxb7 Bf6 24. Rb6 Nd5 25. Rc6 Rfc8 26. Rd6 Rd8 27. Rc6 c3 28. bxc3 Bxc3 29. Rb1 Rab8 30. Rb3 Bxc2 31. Ng5+ Kg7 0-1

[Event "IIFL WEALTH VI Mumbai Open 2021"]
[Site "Mumbai"]
[Date "2022.01.03"]
[Round "5.3"]
[White "Majumder Shrayan"]
[Black "Mishra Sanjeev"]
[Result "1-0"]
[ECO "A45"]
[WhiteElo "1669"]
[BlackElo "1605"]
[Annotator "NA"]
[PlyCount "115"]
[EventDate "2021.12.30"]
[EventType "swiss"]
[EventCountry "IND"]
[SourceTitle "playchess.com"]
[Source "ChessBase"]
[SourceQuality "1"]
[TimeControl "5400+30"]

1. d4 Nf6 2. Nc3 d5 3. Bf4 c6 4. e3 Bf5 5. f3 e6 6. g4 Bg6 7. h4 h6 8. Bd3 Bxd3 9. Qxd3 Bd6 10. Nge2 Bxf4 11. Nxf4 Qd6 12. O-O-O Na6 13. g5 Nd7 14. gxh6 Rxh6 15. Rdg1 e5 16. dxe5 Nxe5 17. Qf5 g6 18. Qg5 Rh8 19. Rd1 Nxf3 20. Qg3 Ne5 21. Ne4 Qe7 22. Nxd5 cxd5 23. Rxd5 Nc4 24. Nd6+ Nxd6 25. Re5 Nc7 26. Rxe7+ Kxe7 27. Rd1 Rhd8 28. Qg5+ Kd7 29. Qf6 Kc6 30. Qc3+ Kb6 31. Qb4+ Kc6 32. Qc3+ Kb6 33. a4 a5 34. b4 axb4 35. Qxb4+ Kc6 36. e4 Na6 37. Qd4 Nc5 38. Qd5+ Kb6 39. e5 Nde4 40. Qxf7 Rxd1+ 41. Kxd1 Rd8+ 42. Ke1 Kc6 43. Qxg6+ Kd5 44. e6 Kd6 45. h5 Ra8 46. h6 Rxa4 47. e7+ Kxe7 48. Qg7+ Kd6 49. h7 Ne6 50. Qb2 N4c5 51. h8=Q Re4+ 52. Kd1 Rf4 53. Qb6+ Kd5 54. Qh1+ Kc4 55. Qh3 Rd4+ 56. Kc1 Rf4 57. Qbxe6+ Nxe6 58. Qxe6+ 1-0

[Event "IIFL WEALTH VI Mumbai Open 2021"]
[Site "Mumbai"]
[Date "2022.01.03"]
[Round "5.4"]
[White "Iyer Arvind"]
[Black "Daksh Goyal"]
[Result "1-0"]
[ECO "B22"]
[WhiteElo "1662"]
[BlackElo "1352"]
[Annotator "NA"]
[PlyCount "139"]
[EventDate "2021.12.30"]
[EventType "swiss"]
[EventCountry "IND"]
[SourceTitle "playchess.com"]
[Source "ChessBase"]
[SourceQuality "1"]
[TimeControl "5400+30"]

1. e4 c5 2. c3 d5 3. exd5 Qxd5 4. d4 g6 5. Nf3 Bg7 6. Be3 Nh6 7. Na3 cxd4 8. Bxd4 Qe4+ 9. Be2 Bxd4 10. Qxd4 Qxd4 11. Nxd4 O-O 12. Nab5 Na6 13. Bf3 e5 14. Nb3 Bd7 15. Nd6 Bc6 16. Nxb7 e4 17. N7a5 exf3 18. Nxc6 Rfe8+ 19. Kf1 Re2 20. gxf3 Rxb2 21. Kg2 Nf5 22. Ncd4 Nxd4 23. Nxd4 Nc5 24. Rhb1 Rab8 25. Nb3 Rxb1 26. Rxb1 Ne6 27. Rc1 Nf4+ 28. Kf1 Kf8 29. c4 Ke7 30. c5 Kd7 31. Rc4 Ne6 32. Ra4 Ra8 33. Ra6 Nc7 34. Rd6+ Ke7 35. Nd4 Ne6 36. Nxe6 fxe6 37. Ra6 Kf6 38. c6 Ke7 39. c7 Kd7 40. c8=Q+ Kxc8 41. Rxe6 Kd7 42. Rf6 a5 43. Rf7+ Kc6 44. Rxh7 Kb5 45. Re7 Kb4 46. Re3 a4 47. Ke2 a3 48. Kd2 Rh8 49. Re4+ Ka5 50. h4 Rb8 51. Re2 Rb4 52. Kc3 Rxh4 53. Re5+ Kb6 54. Re6+ Kc5 55. Rxg6 Rh2 56. Rf6 Rxf2 57. Kb3 Rb2+ 58. Kxa3 Rb8 59. f4 Kd5 60. Ra6 Kc4 61. f5 Rb5 62. f6 Rf5 63. Ka4 Rf2 64. a3 Rf3 65. Ka5 Rxa3+ 66. Kb6 Rf3 67. Kc7 Kd5 68. Kd7 Ke5 69. Ke7 Rb3 70. f7 1-0

[Event "IIFL WEALTH VI Mumbai Open 2021"]
[Site "Mumbai"]
[Date "2022.01.03"]
[Round "5.5"]
[White "Aansh Nandan Nerurkar"]
[Black "Raghu Ram Reddy Seelam"]
[Result "0-1"]
[ECO "C54"]
[WhiteElo "1597"]
[BlackElo "1712"]
[Annotator "NA RC"]
[PlyCount "168"]
[EventDate "2021.12.30"]
[EventType "swiss"]
[EventCountry "IND"]
[SourceTitle "playchess.com"]
[Source "ChessBase"]
[SourceQuality "1"]
[TimeControl "5400+30"]

1. e4 e5 2. Nf3 Nc6 3. Bc4 Bc5 4. c3 Nf6 5. d4 exd4 6. e5 d5 7. Bb5 Ne4 8. cxd4 Bb6 9. Nc3 Bg4 10. h3 Bh5 11. Qc2 Nxc3 12. bxc3 O-O 13. Bd3 Bg6 14. O-O Bxd3 15. Qxd3 h6 16. Bf4 Qd7 17. Rfe1 Ne7 18. Bh2 Rac8 19. Rab1 c5 20. Rb2 Ba5 21. Reb1 b6 22. Rb5 cxd4 23. cxd4 Rc3 24. Qe2 Rfc8 25. R5b2 Rc1+ 26. Ne1 Bxe1 27. g4 Ba5+ 28. Kg2 Qa4 29. Rxc1 Rxc1 30. Bf4 Rc6 31. Be3 Bc3 32. Qb5 Qxb5 33. Rxb5 Rc4 34. f4 Bxd4 35. Bxd4 Rxd4 36. Kg3 Rd3+ 37. Kg2 Rd2+ 38. Kg3 Rxa2 39. f5 Ra3+ 40. Kg2 Kf8 41. Rb2 Ke8 42. Rc2 Kd7 43. h4 Re3 44. Kf2 Rxe5 45. Kf3 Re4 46. Rd2 Ra4 47. h5 a5 48. Rb2 Rb4 49. Ra2 a4 50. g5 Nxf5 51. gxh6 gxh6 52. Kg2 b5 53. Kf3 Rc4 54. Kf2 Rc3 55. Kg2 a3 56. Kf2 b4 57. Ke1 b3 58. Rxa3 b2 59. Rxc3 b1=Q+ 60. Kd2 Qb2+ 61. Rc2 Qxc2+ 62. Kxc2 Ng3 63. Kd3 Nxh5 64. Kd4 Kd6 65. Kd3 Ke5 66. Ke3 d4+ 67. Kd3 Kd5 68. Kd2 Ke4 69. Ke2 d3+ 70. Kd2 Kd4 71. Kd1 Ke3 72. Ke1 d2+ 73. Kd1 f5 74. Kc2 Ke2 75. Kb2 d1=Q 76. Kc3 Ke3 77. Kc4 Ke4 78. Kc5 Ke5 79. Kc6 Qd5+ 80. Kc7 Qd6+ 81. Kb7 Kd5 82. Ka7 Qb4 83. Ka8 Kc6 84. Ka7 Qb7# 0-1

[Event "IIFL WEALTH VI Mumbai Open 2021"]
[Site "Mumbai"]
[Date "2022.01.04"]
[Round "6.1"]
[White "Krishnan Ritvik"]
[Black "Iyer Arvind"]
[Result "0-1"]
[ECO "C53"]
[WhiteElo "1750"]
[BlackElo "1662"]
[Annotator "NA"]
[PlyCount "60"]
[EventDate "2021.12.30"]
[EventType "swiss"]
[EventCountry "IND"]
[SourceTitle "playchess.com"]
[Source "ChessBase"]
[SourceQuality "1"]
[TimeControl "5400+30"]

1. e4 e5 2. Nf3 Nc6 3. Bc4 Bc5 4. c3 d6 5. d4 exd4 6. cxd4 Bb4+ 7. Nc3 Nf6 8. O-O O-O 9. Bg5 h6 10. Bh4 Bg4 11. d5 Ne5 12. Be2 Ng6 13. Bxf6 Qxf6 14. Qd4 Bxc3 15. Qxc3 Nf4 16. Rfe1 Qg6 17. Nh4 Qg5 18. Bxg4 Qxg4 19. Qf3 Qxh4 20. g3 Nh3+ 21. Kg2 Ng5 22. gxh4 Nxf3 23. Kxf3 Rae8 24. Rac1 Re7 25. Kf4 f5 26. exf5 Ref7 27. Kg3 Rxf5 28. Rxc7 Rxf2 29. Ree7 R8f3+ 30. Kg4 h5+ 0-1

[Event "IIFL WEALTH VI Mumbai Open 2021"]
[Site "Mumbai"]
[Date "2022.01.04"]
[Round "6.2"]
[White "Adireddy Arjun"]
[Black "Majumder Shrayan"]
[Result "1/2-1/2"]
[ECO "C63"]
[WhiteElo "1658"]
[BlackElo "1669"]
[Annotator "NA RC"]
[PlyCount "119"]
[EventDate "2021.12.30"]
[EventType "swiss"]
[EventCountry "IND"]
[SourceTitle "playchess.com"]
[Source "ChessBase"]
[SourceQuality "1"]
[TimeControl "5400+30"]

1. e4 e5 2. Nf3 Nc6 3. Bb5 f5 4. Bxc6 dxc6 5. Nxe5 Qd4 6. Nf3 Qxe4+ 7. Qe2 Bd7 8. Nc3 Qxe2+ 9. Nxe2 c5 10. Ne5 Nf6 11. b3 Bd6 12. Bb2 O-O 13. d3 Bxe5 14. Bxe5 Bc6 15. Bxf6 Rxf6 16. f3 Re8 17. Kf2 Rfe6 18. Rae1 Kf7 19. d4 Rd6 20. c3 a5 21. Ng3 Rd5 22. Rxe8 Bxe8 23. Rd1 cxd4 24. cxd4 Bb5 25. Ne2 Bxe2 26. Kxe2 Ke6 27. Rc1 Rd7 28. Kd3 b6 29. Re1+ Kd6 30. f4 g6 31. Re5 c6 32. a4 Rf7 33. Kc4 Rb7 34. g3 Rb8 35. b4 axb4 36. Kxb4 Ra8 37. h3 Rb8 38. g4 fxg4 39. hxg4 Rf8 40. f5 gxf5 41. gxf5 Rf6 42. a5 bxa5+ 43. Rxa5 h5 44. Kc4 h4 45. Ra8 Rh6 46. f6 Ke6 47. Kc5 h3 48. Ra1 h2 49. Rh1 Kd7 50. d5 Rh5 51. f7 Rxd5+ 52. Kc4 Rf5 53. Rxh2 Rxf7 54. Rd2+ Kc7 55. Kc5 Rf5+ 56. Kc4 Rb5 57. Rd1 Kb6 58. Rd8 Rc5+ 59. Kb4 Rc1 60. Rb8+ 1/2-1/2

[Event "IIFL WEALTH VI Mumbai Open 2021"]
[Site "Mumbai"]
[Date "2022.01.04"]
[Round "6.3"]
[White "Raghu Ram Reddy Seelam"]
[Black "Kulkarni, Vikramaditya"]
[Result "0-1"]
[ECO "B07"]
[WhiteElo "1712"]
[BlackElo "2327"]
[Annotator "ChessBase"]
[PlyCount "62"]
[EventDate "2021.12.30"]
[EventType "swiss"]
[EventCountry "IND"]
[SourceTitle "playchess.com"]
[Source "ChessBase"]
[SourceQuality "1"]
[TimeControl "5400+30"]

1. e4 d6 2. d4 Nf6 3. Nc3 e5 4. dxe5 dxe5 5. Qxd8+ Kxd8 6. Bg5 Nbd7 7. O-O-O Be7 8. Bc4 Ng4 9. Bxe7+ Kxe7 10. Nh3 c6 11. Rde1 b5 12. Bb3 Nc5 13. f3 Nf6 14. Nf2 Rb8 15. Nd3 Nfd7 16. a3 Nxd3+ 17. cxd3 Rd8 18. Rd1 a5 19. Kc2 Nc5 20. Rhf1 Ba6 21. Nb1 a4 22. Ba2 Nxd3 23. Rxd3 Rxd3 24. Kxd3 b4+ 25. Bc4 Rd8+ 26. Ke3 Bxc4 27. Rc1 Rd3+ 28. Kf2 Ba2 29. axb4 Bxb1 30. Rxb1 Rb3 31. Rc1 Rxb2+ 0-1

[Event "IIFL WEALTH VI Mumbai Open 2021"]
[Site "Mumbai"]
[Date "2022.01.04"]
[Round "6.4"]
[White "Jain, Kushagra"]
[Black "Rachit H Gurnani"]
[Result "0-1"]
[ECO "C98"]
[WhiteElo "1468"]
[BlackElo "1840"]
[Annotator "NA RC"]
[PlyCount "150"]
[EventDate "2021.12.30"]
[EventType "swiss"]
[EventCountry "IND"]
[SourceTitle "playchess.com"]
[Source "ChessBase"]
[SourceQuality "1"]
[TimeControl "5400+30"]

1. e4 e5 2. Nf3 Nc6 3. Bb5 a6 4. Ba4 Nf6 5. O-O Be7 6. Re1 b5 7. Bb3 d6 8. c3 O-O 9. h3 Na5 10. Bc2 $1 c5 11. d4 Qc7 12. Nbd2 Nc6 13. d5 Nd8 14. Nf1 Ne8 15. Be3 g6 16. a4 Rb8 17. axb5 axb5 18. b4 Ng7 19. Qe2 f6 20. Reb1 c4 21. Ra7 Rb7 22. Rba1 f5 23. Rxb7 Bxb7 24. Bh6 f4 25. Ra5 Qd7 26. N3d2 Nf7 27. Bxg7 Kxg7 28. Qg4 Qe8 29. Qd1 Bd8 30. Ra7 Qe7 31. Qe2 Bb6 32. Ra1 h5 33. Nh2 Rh8 34. Bd1 Kf8 35. Qe1 Ke8 (35... Qf6 $142 36. Bf3 g5) 36. Be2 {[%emt 0:00:12] [#]} Kd8 ({Better is} 36... g5 $1 $17) 37. Qd1 Kc8 38. Ndf1 $2 (38. Ra2 $17 {was the only defense.}) 38... Kb8 $2 ({Black should play} 38... Qh4 $19 39. Qe1 Ng5) 39. Ra2 Nh6 (39... Qh4 $19 40. Nf3 Qxf2+ 41. Kh1 {[#]} Ng5 $1 ) 40. Rd2 $2 (40. Nd2 $17 {was worth a try.}) 40... Ng8 41. Ra2 Nf6 42. Bf3 Bc8 43. Qa1 g5 44. Qd1 g4 45. hxg4 hxg4 46. Bxg4 Nxg4 47. Nxg4 Qh4 48. Ngh2 Rg8 49. Qa1 Qh3 (49... Bh3 $142 50. Ne3 fxe3 51. fxe3 Bxe3+ 52. Kh1 Bc8 53. Ra8+ Kc7) 50. Ra8+ Kc7 51. Rxc8+ Qxc8 52. Qd1 Qh3 53. Qf3 Qh4 54. g3 Qh3 55. Kh1 Rh8 56. Qg2 Qxg2+ 57. Kxg2 Ra8 58. gxf4 exf4 59. Kf3 Ra3 60. Kxf4 Bxf2 61. e5 dxe5+ 62. Kxe5 Rxc3 63. d6+ Kd8 64. Ng4 Bg1 65. Ke6 Rd3 $19 (65... Rc1 $142 66. Nd2 Re1+ 67. Kf5 c3) 66. Ne5 Rd1 67. Ng3 c3 68. Ne2 c2 69. Nc1 Bh2 70. Nf7+ Kc8 71. Nb3 Re1+ 72. Kf6 Rb1 73. Nc5 Rf1+ 74. Ke6 Rxf7 75. Kxf7 c1=Q 0-1

[Event "IIFL WEALTH VI Mumbai Open 2021"]
[Site "Mumbai"]
[Date "2022.01.04"]
[Round "6.5"]
[White "Bajaj Prakhar"]
[Black "Pawar Sohum"]
[Result "1-0"]
[ECO "C47"]
[WhiteElo "1663"]
[BlackElo "1506"]
[Annotator "NA RC"]
[PlyCount "113"]
[EventDate "2021.12.30"]
[EventType "swiss"]
[EventCountry "IND"]
[SourceTitle "playchess.com"]
[Source "ChessBase"]
[SourceQuality "1"]
[TimeControl "5400+30"]

1. e4 e5 2. Nf3 Nc6 3. Nc3 Nf6 4. d4 exd4 5. Nxd4 Bb4 6. Nxc6 bxc6 7. Bd3 d5 8. exd5 cxd5 9. O-O O-O 10. h3 h6 11. Qf3 c6 12. Bf4 Bd6 13. Rfe1 Rb8 14. b3 Be6 15. Rad1 Rb4 16. Bxd6 Qxd6 17. Qe3 d4 18. Ne4 dxe3 19. Nxd6 exf2+ 20. Kxf2 Nd5 21. a3 Rf4+ 22. Kg3 Rf6 23. Ne4 Rg6+ 24. Kf3 h5 25. c4 Ne7 26. Nc5 Rf6+ 27. Kg3 Rb8 28. Be4 g5 29. Rd3 Kg7 30. Kh2 h4 31. Bf3 Rc8 32. Nxe6+ fxe6 33. Rd7 Kf8 34. Rxa7 Nf5 35. b4 Nd4 36. Bg4 Rd8 37. Rd1 Rf4 38. b5 cxb5 39. cxb5 Rb8 40. a4 e5 41. Rc1 e4 42. b6 Rf2 43. b7 Nf3+ 44. Bxf3 exf3 45. Ra8 Rxg2+ 46. Kh1 Rg3 47. Rxb8+ Ke7 48. Re8+ Kxe8 49. b8=Q+ Kf7 50. Rc7+ Ke6 51. Qe8+ Kd5 52. Rd7+ Kc4 53. Qe4+ Kc5 54. Rd5+ Kc6 55. Qe6+ Kb7 56. Rd7+ Kc8 57. Qe8# 1-0

[Event "IIFL WEALTH VI Mumbai Open 2021"]
[Site "Mumbai"]
[Date "2022.01.05"]
[Round "7.1"]
[White "Iyer Arvind"]
[Black "Adireddy Arjun"]
[Result "0-1"]
[ECO "B22"]
[WhiteElo "1662"]
[BlackElo "1658"]
[Annotator "NA RC"]
[PlyCount "114"]
[EventDate "2021.12.30"]
[EventType "swiss"]
[EventCountry "IND"]
[SourceTitle "playchess.com"]
[Source "ChessBase"]
[SourceQuality "1"]
[TimeControl "5400+30"]

1. e4 c5 2. c3 Nf6 3. Qc2 Nc6 4. Nf3 e5 5. Bb5 Qc7 6. O-O Be7 7. h3 a6 8. Bxc6 bxc6 9. d4 cxd4 10. cxd4 exd4 11. Nxd4 O-O 12. Be3 Re8 13. Nd2 Bf8 14. Rfe1 Bb7 15. Bg5 Nh5 16. Rac1 Rac8 17. Qb3 h6 18. Qf3 g6 19. Be3 Qe5 20. Nc4 Qxe4 21. Qxe4 Rxe4 22. Nb6 c5 23. Nxc8 Bxc8 24. Nb3 d6 25. Red1 Be6 26. Nd2 Rb4 27. b3 Nf6 28. Nc4 Nd5 29. Bd2 Rb8 30. g4 f6 31. Rc2 Kf7 32. Ba5 Nf4 33. Nxd6+ Kg8 34. Bc7 Rb4 35. Nc4 Nxh3+ 36. Kg2 Bxg4 37. Rd8 Ng5 38. Rb8 Bf3+ 39. Kg3 Rxb8 40. Bxb8 Bd5 41. Nd2 Kf7 42. Rc3 Ne6 43. Rd3 Nd4 44. f3 g5 45. Kf2 h5 46. Ne4 g4 47. Ba7 Bxe4 48. fxe4 h4 49. b4 g3+ 50. Kf1 Ne6 51. bxc5 Bxc5 52. Bxc5 Nxc5 53. Rd4 Ne6 54. Rd1 Nf4 55. Kg1 h3 56. Re1 h2+ 57. Kh1 Nd3 0-1